 Dungeon Crawl Stone Soup version 0.26-a0-665-gefeb406119 (webtiles) character file.

Game seed: 12586433660198879002

50504 jasper the Severer (level 14, 0/75 HPs)
             Began as a Vine Stalker Fighter on Oct 15, 2020.
             Was a High Priest of the Shining One.
             Killed from afar by an ogre mage (19 damage)
             ... with a bolt of lightning
             ... while paralysed by an ogre mage
             ... on level 2 of the Orcish Mines.
             The game lasted 00:42:31 (17623 turns).

jasper the Severer (Vine Stalker Fighter)          Turns: 17623, Time: 00:42:31

Health: 0/75       AC: 21    Str: 23    XL:     14   Next: 55%
Magic:  0/27       EV:  2    Int:  8    God:    the Shining One [*****.]
Gold:   1571       SH:  0    Dex: 15    Spells: 13/13 levels left

rFire    . . .     SeeInvis .   m - +6 broad axe (freeze)
rCold    + . .     Faith    .   c - +1 kite shield
rNeg     + + +     Spirit   +   y - +0 plate armour
rPois    +         Reflect  .   K - +1 hat
rElec    .         Harm     .   X - +0 cloak "Huutryvo" {*Drain rPois MP+9 Stlth+} (curse)
rCorr    .         Rampage  .   H - +2 pair of gloves
MR       +....                  I - +0 pair of boots
Stlth    ..........             o - amulet of regeneration
HPRegen  1.42/turn              x - ring of positive energy
MPRegen  0.20/turn              G - ring of protection from cold

@: paralysed, about to teleport, glowing
A: fangs 3, regeneration 2, magic shield, antimagic bite, no potion heal 3, rot
immunity
a: Divine Shield, Cleansing Flame, Summon Divine Warrior, Renounce Religion


You were on level 2 of the Orcish Mines.
You worshipped the Shining One.
The Shining One was extremely pleased with you.
You visited 4 branches of the dungeon, and saw 22 of its levels.

You collected 1767 gold pieces.
You spent 196 gold pieces at shops.

Inventory:

Hand Weapons
 a - a +0 war axe of freezing
 m - a +6 broad axe of freezing (weapon)
 E - a +0 hunting sling
Missiles
 f - 145 sling bullets
 i - 627 stones
 j - 55 bolts
 k - 4 throwing nets
 w - 6 javelins
 T - 25 boomerangs (quivered)
Armour
 c - a +1 kite shield (worn)
 y - a +0 plate armour (worn)
 H - a +2 pair of gloves (worn)
 I - a +0 pair of boots (worn)
 K - a +1 hat (worn)
 R - the +1 scale mail "Lihivowa" {-Tele rPois rF++ Stlth+}
   (You found it on level 12 of the Dungeon)

   It greatly protects you from fire.
   It protects you from poison.
   It prevents most forms of teleportation.
   It makes you more stealthy.
 X - the cursed +0 cloak "Huutryvo" (worn) {*Drain rPois MP+9 Stlth+}
   (You found it on level 5 of the Lair of Beasts)

   It protects you from poison.
   It affects your magic capacity (+9).
   It causes draining when unequipped.
   It makes you more stealthy.
   It has a curse placed upon it.
Jewellery
 o - an amulet of regeneration (around neck)
 x - a ring of positive energy (left hand)
 G - a ring of protection from cold (right hand)
 L - a +6 ring of intelligence
 N - an uncursed ring of attention
 O - an uncursed ring of flight
 V - an uncursed ring of protection from cold
 Y - an uncursed ring of ice
Wands
 d - a wand of paralysis (13)
 p - a wand of disintegration (21)
 z - a wand of polymorph (34)
 C - a wand of flame (28)
 F - a wand of digging (6)
 P - a wand of iceblast (2)
Scrolls
 b - a scroll of identify
 g - 5 scrolls of teleportation
 h - 4 scrolls of magic mapping
 q - 4 scrolls of noise
 A - 9 scrolls of remove curse
 B - 2 scrolls of fog
 M - a scroll of silence
Potions
 e - 3 potions of brilliance
 l - 5 potions of curing
 n - 3 potions of mutation
 s - a potion of heal wounds
 v - a potion of ambrosia
 J - 3 potions of cancellation
 Q - 6 potions of flight
 S - a potion of lignification
 U - 2 potions of haste
 W - a potion of stabbing


   Skills:
 - Level 9.1 Fighting
 - Level 16.0 Axes
 + Level 9.4 Armour
 - Level 9.2 Shields
 - Level 4.0 Invocations


You had 13 spell levels left.
You didn't know any spells.
Your spell library contained the following spells:

 Spells                   Type           Power        Failure   Level
 Apportation              Tloc           #.....       100%        1
 Beastly Appendage        Tmut           #.....       100%        1
 Foxfire                  Conj/Fire      #...         100%        1
 Sting                    Tmut/Pois      #...         100%        1
 Summon Small Mammal      Summ           #...         100%        1
 Wereblood                Tmut           #.......     100%        2
 Call Canine Familiar     Summ           #.......     100%        3
 Conjure Flame            Conj/Fire      #.......     100%        3
 Inner Flame              Hex/Fire       #.......     100%        3
 Lesser Beckoning         Tloc           #.........   100%        3
 Spider Form              Tmut/Pois      #.........   100%        3
 Tukima's Dance           Hex            #.......     100%        3
 Ice Form                 Ice/Tmut       #.......     100%        4
 Petrify                  Tmut/Erth      #.......     100%        4
 Sticky Flame             Conj/Fire      #.......     100%        4
 Alistair's Intoxication  Tmut/Pois      #........    100%        5
 Blade Hands              Tmut           #.........   100%        5
 Bolt of Magma            Conj/Fire/Erth #.........   100%        5
 Fireball                 Conj/Fire      #.........   100%        5
 Irradiate                Conj/Tmut      #.........   100%        5
 Iskenderun's Battlesphe  Conj           #.......     100%        5
 Invisibility             Hex            #.......     100%        6
 Iron Shot                Conj/Erth      #.........   100%        6
 Statue Form              Tmut/Erth      #........    100%        6
 Orb of Destruction       Conj           #.........   100%        7
 Spellforged Servitor     Conj/Summ      #.........   100%        7


Dungeon Overview and Level Annotations

Branches:
Dungeon (13/15)            Temple (0/1) D:6            Lair (6/6) D:8
 Shoals (0/4) Lair:2       Spider (1/4) Lair:3        Slime (0/5) Lair:6
    Orc (2/2) D:12            Elf (0/3) Orc:2
 Vaults: D:13-14

Altars:
Gozag
Kikubaaqudgha
Okawaru
Trog
Vehumet
The Shining One
Beogh
Jiyva

Shops:
D:6 (   D:9 *   Orc:1 (   Orc:2 ::[

Annotations:
D:4 2 transporters, rz's ghost, amateur DrIE
D:9 exclusion: upstairs
D:13 exclusion: door
Orc:1 1 runed translucent door, Meegh's ghost, journeyman VSTm


Innate Abilities, Weirdness & Mutations

You have razor-sharp teeth.
You heal very quickly.
When hurt, damage is shared between your health and your magic reserves.
Your bite disrupts and absorbs the magic of your enemies.
Potions cannot restore your health.
You are immune to rotting.


Message History

You slash the orc sorcerer! You freeze the orc sorcerer.
You kill the orc sorcerer!
The sun demon disappears in a puff of smoke!
Unknown command.
As you read the scroll of teleportation, it crumbles to dust.
You feel strangely unstable.
The ogre mage gestures at you while chanting.
The bolt of lightning hits you!
* * * LOW HITPOINT WARNING * * *
You take 8 damage, and have 16/75 hp.
You now have 5/27 mp.
Unknown command.
The ogre mage gestures at you while chanting.
You suddenly lose the ability to move!
Your divine shield fades away.
The orc sorcerer gestures wildly while chanting.
The orc sorcerer hits you with a +0 dagger.
* * * LOW HITPOINT WARNING * * *
The ogre mage gestures at you while chanting.
The bolt of lightning hits you!!
You die...

.§§{§{###8.{{{...§)).8### ###....
..{{###.........8)#)..._#{{##....
.{{{#...§.........))....#.{######
.{§##..§{§...{{{..#[....8.{# #
§§{#∩.#####..{#####.......#
§{§##..{{{...{#####......##
.{{{#..).§...{#{{§......##
{##{###......§#.3..)O..##
{##{{{####)..§#8@..{{..#
.{{{{{{{§)...{#.o.##{).#
...).........{#..)##{..+
...†....).8..{#∩..##{..+
§.§..§§§.....{#...##§§.+
§{§{{{§§{)...{#...##§O.#
§##{{§####...§#8...{{..#
{##{###......{#........#
.{{§#.....)..{#{{{.


You could see an ogre mage, a smoke demon (summoned) and an orc sorcerer.

Vanquished Creatures
  Kirke (Lair:4)
  An orc warlord (Orc:1)
  An emperor scorpion (Lair:3)
  Erolcha (D:10)
  A hydra (Lair:5)
  Erica (D:8)
  2 ogre magi (Orc:2)
  7 two-headed ogres
  4 death yaks (Lair:4)
  Urug (Orc:1)
  Nergalle (D:10)
  An orc knight (Orc:2)
  6 orc sorcerers
  An orb spider (Lair:3)
  A cyclops (Orc:1)
  3 elephants
  A manticore (Lair:2)
  5 cane toads
  3 black mambas
  A torpor snail (Lair:5)
  3 gargoyles
  12 komodo dragons
  A wind drake (Lair:2)
  5 trolls
  2 polar bears (Lair:5)
  3 hornets
  3 blink frogs (Lair:4)
  Prince Ribbit (D:8)
  2 vampires (D:11)
  2 wyverns
  32 yaks
  5 hogs (Lair:4)
  4 vampire mosquitoes (D:12)
  5 basilisks
  A steam dragon (Lair:5)
  An acid dragon (D:11)
  3 wargs
  11 water moccasins
  2 black bears
  3 ice beasts
  27 orc warriors
  2 eyes of draining
  2 necrophages
  12 ogres
  2 phantoms (D:9)
  9 wolves
  6 centaurs
  A big kobold (D:9)
  16 bullfrogs
  3 scorpions
  A water moccasin skeleton (D:5)
  6 killer bees
  12 wights
  4 howler monkeys
  6 electric eels (D:10)
  2 bullfrog zombies
  14 orc priests
  2 jellies
  2 bullfrog skeletons
  A gnoll shaman (D:6)
  5 hounds
  5 centaur skeletons
  3 iguanas
  30 orc wizards
  7 hell rats (Lair:5)
  12 worker ants
  2 hound zombies
  A hound skeleton (D:6)
  A worker ant zombie (D:5)
  4 gnolls (D:6)
  15 adders
  2 shadow imps
  3 white imps
  An ufetubus (D:10)
  2 adder skeletons
  2 adder zombies
  A worm (D:2)
  A dart slug (D:2)
  2 leopard geckos
  77 orcs
  3 bats
  6 giant cockroaches
  4 goblins
  3 hobgoblins
  10 jackals
  5 kobolds
  6 quokkas
  5 frilled lizards
  A leopard gecko skeleton (D:4)
  A quokka skeleton (D:9)
  3 quokka zombies
  3 rats
500 creatures vanquished.

Vanquished Creatures (others)
  2 orc wizards (Orc:1)
  5 bushes (D:13)
  11 fungi
  43 plants
61 creatures vanquished.

Grand Total: 561 creatures vanquished

Notes
Turn   | Place    | Note
-------+----------+-------------------------------------------
     0 | D:1      | jasper the Vine Stalker Fighter began the quest for the
                  | Orb.
     0 | D:1      | Reached XP level 1. HP: 11/11 MP: 2/2
   139 | D:1      | Reached skill level 2 in Axes
   375 | D:1      | Reached XP level 2. HP: 16/16 MP: 3/3
   912 | D:2      | Reached skill level 3 in Axes
  1051 | D:2      | Reached XP level 3. HP: 19/19 MP: 4/4
  1420 | D:3      | Gained mutation: Your natural rate of healing is unusually
                  | fast. [Vine Stalker growth]
  1420 | D:3      | Reached XP level 4. HP: 8/23 MP: 3/5
  1499 | D:3      | You fall into a shaft and drop 3 floors!
  1505 | D:6      | Reached skill level 4 in Axes
  1622 | D:6      | Noticed an orc warrior
  1630 | D:6      | Killed an orc warrior
  1630 | D:6      | Reached skill level 5 in Axes
  1630 | D:6      | Reached XP level 5. HP: 27/27 MP: 6/6
  1635 | D:5      | Entered Level 5 of the Dungeon
  1646 | D:4      | Found a transporter.
  1650 | D:4      | Noticed rz's ghost (amateur DrIE)
  1868 | D:3      | Reached XP level 6. HP: 28/32 MP: 7/7
  2111 | D:3      | Found a faded altar of an unknown god.
  2118 | D:3      | Became a worshipper of the Shining One
  2118 | D:3      | Reached * piety under the Shining One
  2243 | D:4      | Found a transporter.
  2266 | D:4      | Found a glowing drain.
  2277 | D:4      | Reached skill level 6 in Axes
  3143 | D:5      | Noticed an ice beast
  3163 | D:4      | Reached XP level 7. HP: 34/35 MP: 8/8
  3242 | D:5      | Reached skill level 7 in Axes
  3710 | D:6      | Reached ** piety under the Shining One
  3769 | D:5      | Reached skill level 8 in Axes
  3838 | D:6      | Gained mutation: You have razor-sharp teeth. [Vine Stalker
                  | growth]
  3838 | D:6      | Reached XP level 8. HP: 39/39 MP: 9/9
  4115 | D:6      | Reached skill level 9 in Axes
  4121 | D:6      | Found Duics's Weapon Shop.
  4388 | D:6      | Found a staircase to the Ecumenical Temple.
  5210 | D:7      | Reached XP level 9. HP: 45/45 MP: 10/10
  5392 | D:7      | Reached *** piety under the Shining One
  5697 | D:8      | Noticed a two-headed ogre
  5887 | D:9      | Reached skill level 5 in Shields
  5940 | D:9      | Noticed a troll
  5960 | D:9      | Killed a troll
  6042 | D:9      | Reached skill level 5 in Fighting
  6065 | D:9      | Found Gozag's Platinum Reserve.
  6076 | D:9      | Found an opulent altar of Gozag.
  6589 | D:10     | Entered Level 10 of the Dungeon
  6709 | D:10     | Noticed Nergalle
  6733 | D:10     | Killed Nergalle
  6733 | D:10     | Reached XP level 10. HP: 53/53 MP: 11/11
  6735 | D:10     | Found an iron altar of Okawaru.
  6824 | D:10     | Noticed a two-headed ogre
  6839 | D:10     | Killed a two-headed ogre
  6957 | D:10     | Noticed Erolcha
  6968 | D:10     | Killed Erolcha
  7189 | D:10     | Noticed a gargoyle
  7198 | D:10     | Killed a gargoyle
  7369 | D:11     | Reached XP level 11. HP: 60/60 MP: 12/12
  7450 | D:11     | Reached **** piety under the Shining One
  7880 | D:11     | Noticed a boulder beetle
  8199 | D:12     | Got a fine scale mail
  8210 | D:12     | Identified the +1 scale mail "Lihivowa" {-Tele rPois rF++
                  | Stlth+} (You found it on level 12 of the Dungeon)
  8228 | D:12     | Found a staircase to the Orcish Mines.
  8357 | D:8      | Noticed Erica
  8470 | D:8      | Noticed Prince Ribbit
  8473 | D:8      | Killed Prince Ribbit
  8685 | D:11     | Noticed a two-headed ogre
  8714 | D:11     | Killed a two-headed ogre
  9327 | D:13     | Noticed a boulder beetle
  9370 | D:13     | Noticed a two-headed ogre
  9372 | D:13     | Noticed a two-headed ogre
  9385 | D:13     | Killed a two-headed ogre
  9385 | D:13     | Gained mutation: You heal very quickly. [Vine Stalker
                  | growth]
  9385 | D:13     | Reached XP level 12. HP: 58/66 MP: 11/13
  9391 | D:13     | Killed a two-headed ogre
  9406 | D:13     | Reached skill level 10 in Axes
  9488 | D:13     | Noticed an eight-headed hydra
  9503 | D:13     | Noticed an ogre mage
  9539 | D:13     | Paralysed by an ogre mage for 3 turns
  9674 | D:11     | Reached ***** piety under the Shining One
  9682 | D:11     | Reached skill level 1 in Invocations
 10141 | D:8      | Killed Erica
 10401 | D:8      | Found an ancient bone altar of Kikubaaqudgha.
 10411 | D:8      | Found a radiant altar of Vehumet.
 10416 | D:8      | Found an iron altar of Okawaru.
 10418 | D:8      | Found a bloodstained altar of Trog.
 10421 | D:8      | Found a glowing golden altar of the Shining One.
 10623 | D:8      | Killed a two-headed ogre
 10661 | D:8      | Found a staircase to the Lair.
 10914 | Lair:1   | Entered Level 1 of the Lair of Beasts
 11214 | Lair:1   | Reached skill level 11 in Axes
 12566 | Lair:2   | Found a staircase to the Shoals.
 12578 | Lair:2   | Reached skill level 12 in Axes
 12891 | Lair:2   | Reached XP level 13. HP: 69/70 MP: 17/17
 13155 | Lair:3   | Reached skill level 13 in Axes
 13591 | Lair:3   | Found a hole to the Spider Nest.
 13715 | Spider:1 | Entered Level 1 of the Spider Nest
 13715 | Spider:1 | Noticed an emperor scorpion
 13745 | Lair:3   | Killed an emperor scorpion
 14058 | Lair:4   | Reached skill level 14 in Axes
 14266 | Lair:4   | Noticed Kirke
 14283 | Lair:4   | Killed Kirke
 14662 | Lair:5   | Got a smoking cloak
 14668 | Lair:5   | Identified the cursed +0 cloak "Huutryvo" {*Drain rPois
                  | MP+9 Stlth+} (You found it on level 5 of the Lair of
                  | Beasts)
 14802 | Lair:5   | Found a runed translucent door.
 14926 | Lair:5   | Reached skill level 15 in Axes
 15553 | Lair:5   | Reached XP level 14. HP: 75/75 MP: 18/18
 15562 | Lair:5   | Identified the Incunabulum of the Mutagenic Entourage
 15601 | Lair:6   | Entered Level 6 of the Lair of Beasts
 15627 | Lair:6   | Found a staircase to the Slime Pits.
 15627 | Lair:6   | Found a viscous altar of Jiyva.
 15811 | Orc:1    | Entered Level 1 of the Orcish Mines
 15811 | Orc:1    | Found Tuqoul's Antique Weapon Shop.
 15832 | Orc:1    | Noticed Urug
 15865 | Orc:1    | Killed Urug
 15883 | Orc:1    | Bought a runed broad axe for 196 gold pieces
 16041 | Orc:2    | Entered Level 2 of the Orcish Mines
 16401 | Orc:1    | Noticed an orc warlord
 16416 | Orc:1    | Killed an orc warlord
 16464 | Orc:1    | Reached skill level 16 in Axes
 16543 | Orc:1    | Found a runed translucent door.
 16550 | Orc:1    | Noticed Meegh's ghost (journeyman VSTm)
 17303 | Orc:2    | Found a staircase to the Elven Halls.
 17323 | Orc:2    | Found a roughly hewn altar of Beogh.
 17494 | Orc:2    | Found Gihog's Book Boutique.
 17544 | Orc:2    | Found Roerch's Book Shop.
 17567 | Orc:2    | Found a radiant altar of Vehumet.
 17597 | Orc:2    | Found Arunniuh's Antique Armour Boutique.
 17621 | Orc:2    | Paralysed by an ogre mage for 3 turns
 17623 | Orc:2    | Killed from afar by an ogre mage

Illustrated notes

Levels and vault maps discovered:
D:1:      lightli_iron_boxes, layout_rooms
D:2:      layout_loops_corners, uniq_robin
D:3:      layout_basic, chequers_ecumenical_altar_grove
D:4:      layout_basic, gammafunk_ghost_stat_death, gup_sewer_entry_glass
D:5:      layout_basic
D:6:      layout_layer_cave, minmay_temple_entry_tees, serial_shops, shop,
          st_stairs_6, nrook_mini_vaults
D:7:      layout_basic
D:8:      layout_gridville, grunt_temple_overflow_open,
          erik_lair_orcish_takeover, uniq_prince_ribbit1, uniq_erica
D:9:      layout_basic, nicolae_gozag_zags_fifth_avenue
D:10:     cheibrodos_two_vegetables, layout_rooms, okawaru_trees_1,
          uniq_erolcha, uniq_nergalle
D:11:     layout_irregular_city, portal_ice_cave_demonic_guard
D:12:     layout_cave_pools, orc_0_dummy
D:13:     layout_roguey, hangedman_vaults_entry_quadrant_bands,
          minmay_hedge_maze, grunt_ministairs_12
Lair:1:   layout_regular_city, lemuel_fruit_tree, serial_bayou_shore_b,
          infiniplex_staircase_pool_2
Lair:2:   layout_concentric_octagons, minmay_shoals_entry_beasts,
          nicolae_lair_grove_arrangements
Lair:3:   layout_regular_city, nicolae_spider_entry_orb_guardian
Lair:4:   layout_misc_corridors, serial_bayou_lagoon_a, serial_bayou_shore_b,
          uniq_kirke
Lair:5:   layout_cave_pods, pf_torpor_hydra
Lair:6:   gammafunk_lair_ancient_temple, layout_gridlike, slime_altar_1,
          lemuel_fruit_fields
Spider:1: layout_spider_delve, nicolae_looking_at_the_future,
          hangedman_spider_tarantella_strand
Orc:1:    layout_caves, serial_shops, nicolae_shop_waterfront,
          gammafunk_ghost_grave, uniq_urug
Orc:2:    kennysheep_orc_mage_school, layout_caves, serial_shops,
          nicolae_shop_waterfront, basic_altar

Skill      XL: |  1  2  3  4  5  6  7  8  9 10 11 12 13 14 |
---------------+-------------------------------------------+-----
Axes           | 2 3 5 6 8 9 12 15 16 | 16.0
Shields        | 4 5 8 9 |  9.2
Fighting       | 4 6 7 9 |  9.1
Armour         | 3 6 8 9 |  9.4
Invocations    | 4 |  4.0

Action                   |  1- 3 |  4- 6 |  7- 9 | 10-12 | 13-15 || total
-------------------------+-------+-------+-------+-------+-------++-------
Melee: War axe           |    59 |    96 |   226 |   498 |   286 ||  1165
       Bite              |    16 |    18 |    73 |   183 |   194 ||   484
       Broad axe         |       |       |       |       |   224 ||   224
Throw: Stone             |     9 |       |    27 |    62 |       ||    98
       Boomerang         |    19 |    37 |   118 |    50 |    62 ||   286
       Javelin           |       |       |     3 |     1 |       ||     4
Invok: Divine Shield     |       |       |     1 |     9 |     6 ||    16
Evoke: Wand              |       |       |       |    34 |    17 ||    51
  Use: Potion            |       |     1 |       |     3 |     2 ||     6
       Scroll            |       |       |    13 |    15 |    11 ||    39
Armor: Scale mail        |    38 |    10 |       |       |       ||    48
       Chain mail        |       |    30 |    19 |       |       ||    49
       Plate armour      |       |       |   101 |   235 |   202 ||   538
Dodge: Dodged            |    14 |    25 |    25 |    68 |    66 ||   198
Block: Kite shield       |    24 |    50 |   118 |   330 |   292 ||   814

Table legend: (Time is in decaauts)
 A = Elapsed time spent in this place.
 B = Non-inter-level travel time spent in this place.
 C = Inter-level travel time spent in this place.
 D = Time resting spent in this place.
 E = Time spent auto-exploring this place.
 F = Levels seen in this place.
 G = Mean time per level.
                   A        B        C        D        E       F      G
               +--------+--------+--------+--------+--------+-----+--------+
         Total |  17895 |  16567 |   1328 |   1845 |  10798 |  22 |  813.4 |
       Dungeon |  11370 |  10497 |    873 |   1394 |   6463 |  13 |  874.6 |
          Lair |   4735 |   4380 |    355 |    133 |   3472 |   6 |  789.2 |
   Spider Nest |      1 |      1 |      0 |      0 |      0 |   1 |    1.0 |
  Orcish Mines |   1786 |   1686 |    100 |    317 |    862 |   2 |  893.0 |
               +--------+--------+--------+--------+--------+-----+--------+

Top non-repeatable levels by time:
     D:6: 1382 daAuts
     D:9: 1246 daAuts
    D:10: 1198 daAuts
    D:11: 1124 daAuts
  Lair:5: 1091 daAuts
     D:8: 1089 daAuts
   Orc:2: 1060 daAuts
  Lair:3: 1026 daAuts
  Lair:2: 1024 daAuts
     D:4: 998 daAuts
  Lair:1: 894 daAuts
     D:1: 792 daAuts
     D:3: 783 daAuts
   Orc:1: 726 daAuts
  Lair:4: 694 daAuts
